[Event "Reykjavik Open 2022"]
[Site "Reykjavik"]
[Date "2022.04.10"]
[Round "6.27"]
[White "Vardaan Nagpal"]
[Black "Khoury, Theo"]
[Result "1-0"]
[ECO "A28"]
[WhiteElo "2378"]
[BlackElo "1878"]
[Annotator "TA"]
[PlyCount "117"]
[EventDate "2022.04.06"]
[EventCountry "ISL"]
[SourceTitle "playchess.com"]
[Source "ChessBase"]
[SourceQuality "1"]
[TimeControl "40/5400+30:1800+30"]

1. c4 e5 2. Nc3 Nf6 3. Nf3 Nc6 4. e4 Bb4 5. d3 d6 6. g3 Bg4 7. Bg2 {[%emt 0:01:18] A28: English Opening: Four Knights Variation.} O-O 8. h3 Bh5 (8... Bxf3 $5 9. Bxf3 Bc5 $11) 9. g4 {[%emt 0:15:57] The position is equal.} Bg6 {[%emt 0:01:30] [#]} 10. Bg5 $146 ({Predecessor:} 10. O-O a6 11. Be3 Qd7 12. a3 Ba5 13. b4 Bb6 14. Bxb6 cxb6 15. Re1 b5 16. c5 {1-0 (24) Grimault,L (1622)-Tempier,M (1357) Europe Echecs INT 2020}) 10... Qe7 11. O-O {[%emt 0:00:46] And now Nd5 would win.} Bxc3 12. bxc3 Nd8 13. Nh4 Ne6 14. Be3 h5 15. Nf5 Qd7 16. f4 (16. f3 $14) 16... exf4 $11 17. Bxf4 Nxf4 18. Rxf4 Rfe8 19. g5 Nh7 20. h4 $36 {[%emt 0:00:02][%mdl 2048] Black is under pressure.} f6 (20... Rab8 $11) 21. gxf6 (21. Bh3 $1 $16 {[%cal Of5h6] Hoping for Nh6+!} Kh8 22. gxf6 Nxf6 23. Qf3) 21... Nxf6 (21... Bxf5 $14 22. Rxf5 Nxf6) 22. Ne3 (22. Bh3 $1 $16 {[%cal Of5h6] Threatens to win with Nh6+!} Bxf5 23. Bxf5) 22... Rf8 23. Qd2 Rae8 24. Raf1 Nh7 25. Kh2 c6 (25... Rxf4 $11 26. Rxf4 Rf8) 26. Bh3 $14 Qe7 27. Bf5 {[%emt 0:02:10] &Bianco is more active.} Rf6 28. Qg2 Ref8 $1 29. Qg3 (29. d4 $5 ) 29... Be8 (29... Bxf5 $1 $11 {keeps the balance.} 30. Nxf5 Qd7) 30. Bxh7+ ({White should play} 30. c5 $16 d5 31. d4 (31. exd5 Qxc5 32. c4 Qa3 $16) 31... dxe4 32. Rxe4) 30... Kxh7 $11 31. Qg5 Qe5 {[%emt 0:02:56] Against c5} 32. Qxe5 ({Much worse is} 32. Nf5 Bg6 $15) 32... dxe5 33. Rxf6 Rxf6 34. Rxf6 gxf6 {[%emt 0:00:06][%mdl 4096] Endgame KB-KN} 35. Kg3 Bd7 36. c5 Be6 37. a3 Kg6 38. d4 b6 $2 {[%emt 0:03:03][%mdl 8192] [#] Black is now going downhill.} (38... Kf7 $11 {and Black is okay.}) 39. d5 $1 $18 Bd7 (39... cxd5 40. exd5 Bc8) 40. cxb6 axb6 {[%emt 0:00:00] [#]} 41. Nc4 $1 cxd5 42. Nxb6 Bb5 43. Nxd5 Kf7 44. Kf3 Bc4 45. Nb6 Ba6 46. Nd5 (46. a4 $142 Ke6 47. Nd5) 46... Bc4 $1 47. Ne3 Be6 48. Ke2 {[%emt 0:02:52] a4 is the strong threat.} Ke7 49. Nd5+ Kf7 50. c4 f5 51. exf5 Bxf5 52. Kd2 (52. a4 $142 Ke8 53. a5 Bg4+ 54. Ke3) 52... Ke6 53. Kc3 Kd6 54. Nf6 Bg6 55. a4 Kc5 56. a5 e4 57. Nd5 Be8 58. a6 {[%emt 0:02:07] Intending a7 and mate.} Bc6 59. a7 {[%emt 0:00:06] Weighted Error Value: White=0.46/Black=0.53} 1-0

[Event "Reykjavik Open 2022"]
[Site "Reykjavik"]
[Date "2022.04.10"]
[Round "6.28"]
[White "Hedman, Erik"]
[Black "Maes, Tibo"]
[Result "1-0"]
[ECO "D37"]
[WhiteElo "2368"]
[BlackElo "1918"]
[Annotator "NA RC"]
[PlyCount "63"]
[EventDate "2022.04.06"]
[EventCountry "ISL"]
[SourceTitle "playchess.com"]
[Source "ChessBase"]
[SourceQuality "1"]
[TimeControl "40/5400+30:1800+30"]

1. Nf3 d5 2. c4 e6 3. d4 Nf6 4. Nc3 a6 5. cxd5 exd5 6. Bf4 Bd6 7. Bg3 O-O 8. e3 c6 9. Bd3 Re8 10. Qc2 h6 11. O-O-O Be6 12. Kb1 a5 13. Bxd6 Qxd6 14. h3 Na6 15. Bxa6 Rxa6 16. g4 Ne4 17. Ka1 Qd8 18. Ne5 Qh4 19. Nd3 Ra7 20. Nxe4 dxe4 21. Nf4 Qd8 22. Rhg1 g6 23. Rd2 Bd5 24. Rc1 Ra8 25. Qd1 Rc8 26. Rdc2 Qd7 27. Rc3 Kg7 28. Qc2 Re7 29. Rc5 Ra8 30. Nxd5 cxd5 31. Qb3 Rd8 32. Rxa5 1-0

[Event "Reykjavik Open 2022"]
[Site "Reykjavik"]
[Date "2022.04.10"]
[Round "6.29"]
[White "Briem, Stephan"]
[Black "Rosen, Eric"]
[Result "0-1"]
[ECO "E14"]
[WhiteElo "2039"]
[BlackElo "2356"]
[Annotator "RC"]
[PlyCount "166"]
[EventDate "2022.04.06"]
[EventCountry "ISL"]
[SourceTitle "playchess.com"]
[Source "ChessBase"]
[SourceQuality "1"]
[TimeControl "40/5400+30:1800+30"]

1. d4 Nf6 2. Nf3 e6 3. e3 b6 4. c4 Bb7 5. Bd3 d5 6. cxd5 exd5 7. Nc3 Nbd7 8. O-O Bd6 9. b3 a6 10. Bb2 O-O 11. Rc1 Re8 12. Qc2 Qe7 13. Ne2 Ne4 14. Ne5 c5 15. Bxe4 dxe4 16. Nxd7 Qxd7 17. dxc5 Bxc5 18. Qc3 Qg4 19. h3 Qg5 20. Rfd1 Rac8 21. b4 Bf8 22. Qd2 Red8 23. Bd4 Bd6 24. Qb2 b5 25. Bb6 Rxc1 26. Qxc1 Rc8 27. Qxc8+ Bxc8 28. Rxd6 h5 29. Rd8+ Kh7 30. Rxc8 Qd5 31. Nd4 Qxa2 32. Ba5 Qa1+ 33. Kh2 h4 34. Rc5 g6 35. Re5 f5 36. Re7+ Kg8 37. Rc7 f4 38. Rc2 g5 39. Bd8 fxe3 40. fxe3 Qe1 41. Nf5 Qxb4 42. Bxg5 Kf7 43. Rc6 a5 44. Nh6+ Ke8 45. Rc7 Qd6+ 46. Bf4 Qg6 47. Nf7 b4 48. Bd6 Qe6 49. Re7+ Qxe7 50. Bxe7 Kxe7 51. Ne5 b3 52. Nc4 a4 53. g3 b2 54. Na3 hxg3+ 55. Kxg3 Kd6 56. h4 Kc5 57. h5 Kb4 58. h6 Kxa3 59. h7 b1=Q 60. h8=Q Qb2 61. Qe8 Qb4 62. Qe6 Kb2 63. Qe5+ Kb1 64. Qd5 a3 65. Qd1+ Kb2 66. Qe2+ Kc1 67. Kf4 Qc3 68. Qf1+ Kb2 69. Qe2+ Qc2 70. Qb5+ Kc1 71. Qf1+ Kd2 72. Qf2+ Kc3 73. Qe1+ Kb3 74. Qa5 a2 75. Qb6+ Ka3 76. Qa5+ Kb2 77. Qb4+ Qb3 78. Qd2+ Kb1 79. Qe1+ Kc2 80. Qe2+ Kc3 81. Qe1+ Kc4 82. Qa5 Qb8+ 83. Kf5 Qb5+ 0-1

[Event "Reykjavik Open 2022"]
[Site "Reykjavik"]
[Date "2022.04.10"]
[Round "6.30"]
[White "Soham Das"]
[Black "Unhjem, Bjorn Robert Lovoll"]
[Result "1-0"]
[ECO "D00"]
[WhiteElo "2330"]
[BlackElo "1911"]
[Annotator "NA RC"]
[PlyCount "81"]
[EventDate "2022.04.06"]
[EventCountry "ISL"]
[SourceTitle "playchess.com"]
[Source "ChessBase"]
[SourceQuality "1"]
[TimeControl "40/5400+30:1800+30"]

1. d4 Nf6 2. Bf4 d5 3. e3 c5 4. c3 Nc6 5. Nd2 Bf5 6. Qb3 Qd7 7. Ngf3 a6 8. dxc5 Nh5 9. Ne5 Nxe5 10. Bxe5 f6 11. Be2 fxe5 12. Bxh5+ g6 13. Be2 Bg7 14. Rd1 Be6 15. O-O Rc8 16. Qa3 Qc7 17. b4 O-O 18. e4 Kh8 19. exd5 Bxd5 20. c4 Bc6 21. Bf3 Bxf3 22. Nxf3 e4 23. Ng5 Qe5 24. Rd5 Qc3 25. Qxc3 Bxc3 26. Rb1 e5 27. Nxe4 Bd4 28. Kh1 Bxf2 29. Rxe5 Bd4 30. Rd5 Be3 31. Rd3 Bf2 32. Rf3 Bd4 33. Rd1 Rxf3 34. gxf3 Be5 35. Rd7 b6 36. Ng5 Bf4 37. Ne6 Be3 38. cxb6 Bxb6 39. c5 Re8 40. cxb6 Rxe6 41. Rd8+ 1-0

[Event "Reykjavik Open 2022"]
[Site "Reykjavik"]
[Date "2022.04.10"]
[Round "6.31"]
[White "Bartelt, Max Peter"]
[Black "Large, Peter G"]
[Result "1/2-1/2"]
[ECO "A46"]
[WhiteElo "1923"]
[BlackElo "2335"]
[Annotator "RC"]
[PlyCount "141"]
[EventDate "2022.04.06"]
[EventCountry "ISL"]
[SourceTitle "playchess.com"]
[Source "ChessBase"]
[SourceQuality "1"]
[TimeControl "40/5400+30:1800+30"]

1. d4 e6 2. Nf3 Nf6 3. g3 b5 4. Bg2 Bb7 5. O-O c5 6. a4 b4 7. c3 Na6 8. b3 bxc3 9. Nxc3 Be7 10. Ba3 O-O 11. dxc5 Bxc5 12. Bxc5 Nxc5 13. b4 Nce4 14. Nxe4 Bxe4 15. Qd6 Qb8 16. Rfd1 Qb7 17. Ne1 Bxg2 18. Nxg2 Rfc8 19. Nf4 Rc6 20. Qd4 Rac8 21. b5 Rc4 22. Qd6 Qe4 23. Qd3 Qb7 24. Qd6 h6 25. Ra2 g5 26. Nd3 Qd5 27. Ne5 Qxd6 28. Rxd6 R4c7 29. f3 Kf8 30. Rad2 Ke7 31. a5 Rb7 32. b6 axb6 33. a6 Ra7 34. Rxb6 Rc5 35. Nd3 Rd5 36. e4 Rd4 37. Kf2 Ne8 38. Ke3 Ra4 39. Nc5 Ra3+ 40. Ke2 Ra5 41. Rb7 Nd6 42. Rxa7 Rxc5 43. Ra2 Nb5 44. Ra5 Nd4+ 45. Kd3 Rxa5 46. Kxd4 Kd6 47. e5+ Kc6 48. f4 Ra2 49. Ra8 Ra4+ 50. Ke3 gxf4+ 51. gxf4 Kd5 52. Kf3 h5 53. Rf8 Ra3+ 54. Kg2 Rxa6 55. Kg3 Ke4 56. Rxf7 d5 57. exd6 Rxd6 58. Rf6 Ra6 59. Kh4 Ra5 60. Rxe6+ Kxf4 61. Rf6+ Rf5 62. Rh6 Ke5 63. Rxh5 Rxh5+ 64. Kxh5 Kf6 65. Kh6 Kf7 66. Kh7 Kf8 67. h4 Kf7 68. h5 Kf8 69. h6 Kf7 70. Kh8 Kf8 71. h7 1/2-1/2

[Event "Reykjavik Open 2022"]
[Site "Reykjavik"]
[Date "2022.04.10"]
[Round "6.32"]
[White "Hartmann, Wolfgang"]
[Black "Berdnyk, Mariia"]
[Result "0-1"]
[ECO "E14"]
[WhiteElo "1917"]
[BlackElo "2287"]
[Annotator "NA RC"]
[PlyCount "74"]
[EventDate "2022.04.06"]
[EventCountry "ISL"]
[SourceTitle "playchess.com"]
[Source "ChessBase"]
[SourceQuality "1"]
[TimeControl "40/5400+30:1800+30"]

1. d4 Nf6 2. Nf3 e6 3. e3 b6 4. Bd3 Bb7 5. O-O c5 6. b3 Be7 7. Bb2 O-O 8. c4 cxd4 9. exd4 d5 10. Nbd2 Nc6 11. Rc1 Rc8 12. Re1 Rc7 13. Ne5 dxc4 14. Ndxc4 Nb4 15. Bb1 Nbd5 16. a3 Qa8 17. g3 Rfc8 18. Qd3 g6 19. f4 a6 20. Qd2 b5 21. Na5 b4 22. Nxb7 Qxb7 23. Rxc7 Rxc7 24. a4 Nc3 25. Bd3 Nfd5 26. g4 Bf6 27. f5 exf5 28. gxf5 Re7 29. fxg6 hxg6 30. Bxc3 bxc3 31. Qg2 Bxe5 32. Rxe5 Rxe5 33. dxe5 Qb6+ 34. Kh1 Nf4 35. Qa8+ Kg7 36. Qf3 Nxd3 37. Qxd3 Qc6+ 0-1

[Event "Reykjavik Open 2022"]
[Site "Reykjavik"]
[Date "2022.04.10"]
[Round "6.33"]
[White "Mirza, Diana"]
[Black "Burlacu, Bogdan"]
[Result "0-1"]
[ECO "E90"]
[WhiteElo "1898"]
[BlackElo "2294"]
[Annotator "RC"]
[PlyCount "120"]
[EventDate "2022.04.06"]
[EventCountry "ISL"]
[SourceTitle "playchess.com"]
[Source "ChessBase"]
[SourceQuality "1"]
[TimeControl "40/5400+30:1800+30"]

1. d4 Nf6 2. Nf3 g6 3. c4 Bg7 4. Nc3 d6 5. e4 O-O 6. h3 Na6 7. Be3 c5 8. d5 e6 9. Bd3 exd5 10. exd5 Nc7 11. a4 b6 12. O-O a6 13. Qd2 Nfe8 14. Bg5 f6 15. Bh6 Bd7 16. Rfe1 Rf7 17. Bxg7 Nxg7 18. Ne4 Qf8 19. Qf4 Nge8 20. b3 h6 21. Qg3 f5 22. Ned2 Qg7 23. Ra2 Qf6 24. Nf1 Ng7 25. Qf4 g5 26. Qc1 g4 27. hxg4 fxg4 28. N3h2 Raf8 29. f4 Qxf4 30. Qxf4 Rxf4 31. Re7 R8f7 32. Rae2 Kf8 33. Rxf7+ Kxf7 34. g3 Rd4 35. Rf2+ Ke7 36. Bg6 Be8 37. Bc2 h5 38. Ne3 b5 39. cxb5 axb5 40. a5 c4 41. bxc4 bxc4 42. Rf4 Rxf4 43. gxf4 c3 44. Kf2 Bf7 45. Be4 Nge8 46. Nd1 Nb5 47. a6 Bxd5 48. Bd3 Nec7 49. Nf1 Bc4 50. Bg6 Bxf1 51. Kxf1 Nxa6 52. Nxc3 Nxc3 53. Bxh5 g3 54. Bf3 Nc5 55. Kg2 N5e4 56. f5 Kf6 57. Bg4 Kg5 58. Bh3 Kf4 59. Kg1 d5 60. Kf1 d4 0-1

[Event "Reykjavik Open 2022"]
[Site "Reykjavik"]
[Date "2022.04.10"]
[Round "6.34"]
[White "Baecker, Niko"]
[Black "Valkama, Eero"]
[Result "0-1"]
[ECO "E52"]
[WhiteElo "1843"]
[BlackElo "2244"]
[Annotator "NA RC"]
[PlyCount "70"]
[EventDate "2022.04.06"]
[EventCountry "ISL"]
[SourceTitle "playchess.com"]
[Source "ChessBase"]
[SourceQuality "1"]
[TimeControl "40/5400+30:1800+30"]

1. d4 Nf6 2. c4 e6 3. Nc3 Bb4 4. e3 O-O 5. Nf3 d5 6. a3 Bxc3+ 7. bxc3 c5 8. Bd3 dxc4 9. Bxc4 Nbd7 10. O-O Qc7 11. Ba2 b6 12. Bb2 Bb7 13. Nd2 e5 14. Rc1 Rfe8 15. Re1 Rad8 16. Nf1 Nf8 17. f3 Qe7 18. Qd2 exd4 19. cxd4 cxd4 20. exd4 Qd7 21. Qf2 Rxe1 22. Rxe1 Nd5 23. Ng3 Nf4 24. Bb1 Bd5 25. Nf5 Be6 26. Re5 N8g6 27. Qe3 Nxe5 28. Qxe5 Bxf5 29. Bxf5 Qd6 30. Qe1 Qf6 31. Qe4 g6 32. Qxf4 Qxf5 33. Qd2 Rc8 34. Bc3 Qb1+ 35. Kf2 Qb3 0-1

[Event "Reykjavik Open 2022"]
[Site "Reykjavik"]
[Date "2022.04.10"]
[Round "6.35"]
[White "Mitra, Akash"]
[Black "Mahitosh Dey"]
[Result "0-1"]
[ECO "C50"]
[WhiteElo "1866"]
[BlackElo "2176"]
[Annotator "NA RC"]
[PlyCount "46"]
[EventDate "2022.04.06"]
[EventCountry "ISL"]
[SourceTitle "playchess.com"]
[Source "ChessBase"]
[SourceQuality "1"]
[TimeControl "40/5400+30:1800+30"]

1. e4 e5 2. Bc4 Nf6 3. d3 Nc6 4. Nf3 Bc5 5. Nc3 d6 6. Bg5 h6 7. Be3 Bb6 8. a3 O-O 9. Qe2 Nd4 10. Bxd4 exd4 11. Na4 d5 12. Nxb6 axb6 13. Bb3 c5 14. O-O-O Be6 15. e5 Nd7 16. Nd2 b5 17. f4 c4 18. Ba2 Qa5 19. dxc4 bxc4 20. g4 c3 21. Nb3 cxb2+ 22. Kxb2 Qxa3+ 23. Ka1 Qxa2# 0-1

[Event "Reykjavik Open 2022"]
[Site "Reykjavik"]
[Date "2022.04.10"]
[Round "6.36"]
[White "Kumar, Sanjit S"]
[Black "Jaksland, Tim"]
[Result "0-1"]
[ECO "E32"]
[WhiteElo "1794"]
[BlackElo "2201"]
[Annotator "NA RC"]
[PlyCount "82"]
[EventDate "2022.04.06"]
[EventCountry "ISL"]
[SourceTitle "playchess.com"]
[Source "ChessBase"]
[SourceQuality "1"]
[TimeControl "40/5400+30:1800+30"]

1. d4 Nf6 2. c4 e6 3. Nc3 Bb4 4. Qc2 b6 5. e4 c5 6. e5 cxd4 7. a3 Bxc3+ 8. bxc3 Ng8 9. cxd4 Bb7 10. Bf4 Ne7 11. Nf3 Ng6 12. Bg3 Bxf3 13. gxf3 O-O 14. Bd3 Nc6 15. Qb2 f5 16. f4 Rc8 17. d5 Na5 18. Rc1 Rc5 19. d6 Qa8 20. O-O Rfc8 21. Rc2 Nxc4 22. Bxc4 Rxc4 23. Rfc1 Qd5 24. Rxc4 Rxc4 25. Rxc4 Qxc4 26. Qd2 Nh8 27. Bh4 Nf7 28. Qe3 Qc6 29. Qd4 h6 30. Be7 Qc1+ 31. Kg2 Qxa3 32. Qc4 Qc5 33. Qxc5 bxc5 34. Kf3 a5 35. Ke3 a4 36. Kd3 g5 37. h4 gxf4 38. Bf6 h5 39. f3 Kh7 40. Kc4 Kg6 41. Kc3 Nxd6 0-1

[Event "Reykjavik Open 2022"]
[Site "Reykjavik"]
[Date "2022.04.10"]
[Round "6.37"]
[White "Lohia, Sohum"]
[Black "Arnalds, Stefan"]
[Result "1-0"]
[ECO "B45"]
[WhiteElo "2251"]
[BlackElo "1902"]
[Annotator "RC"]
[PlyCount "97"]
[EventDate "2022.04.06"]
[EventCountry "ISL"]
[SourceTitle "playchess.com"]
[Source "ChessBase"]
[SourceQuality "1"]
[TimeControl "40/5400+30:1800+30"]

1. e4 c5 2. Nf3 e6 3. d4 cxd4 4. Nxd4 Nf6 5. Nc3 Nc6 6. Ndb5 Bb4 7. a3 Bxc3+ 8. Nxc3 d5 9. Bd3 dxe4 10. Nxe4 Nxe4 11. Bxe4 Qxd1+ 12. Kxd1 Bd7 13. Be3 b6 14. Kc1 f5 15. Bf3 Rc8 16. b3 e5 17. Re1 O-O 18. Bd5+ Kh8 19. Kb2 f4 20. Bd2 Nd4 21. c3 Bc6 22. cxd4 Bxd5 23. dxe5 Bxg2 24. e6 Rce8 25. Rac1 Bd5 26. e7 Rf6 27. Rc7 a5 28. Bc3 Rg6 29. h4 Kg8 30. Re5 Rc6 31. Rxc6 Bxc6 32. Bd4 Kf7 33. Bxb6 Rxe7 34. Rxa5 Re2+ 35. Kc3 f3 36. a4 Re4 37. Ra7+ Re7 38. a5 Ke6 39. Rxe7+ Kxe7 40. Kc4 Kd6 41. b4 Bd5+ 42. Kd4 Bc6 43. Bc5+ Kc7 44. Bf8 g6 45. Kc5 Be4 46. b5 Kb7 47. a6+ Ka7 48. Kb4 Bd3 49. Ka5 1-0

[Event "Reykjavik Open 2022"]
[Site "Reykjavik"]
[Date "2022.04.10"]
[Round "6.38"]
[White "Gregersen, Einar"]
[Black "Player, Edmund C"]
[Result "0-1"]
[ECO "C01"]
[WhiteElo "1801"]
[BlackElo "2196"]
[Annotator "NA RC"]
[PlyCount "58"]
[EventDate "2022.04.06"]
[EventCountry "ISL"]
[SourceTitle "playchess.com"]
[Source "ChessBase"]
[SourceQuality "1"]
[TimeControl "40/5400+30:1800+30"]

1. e4 e6 2. d4 d5 3. exd5 exd5 4. Bf4 Bd6 5. Bxd6 Qxd6 6. Nc3 c6 7. Qd2 Ne7 8. Nf3 Bg4 9. Be2 Nd7 10. O-O-O O-O 11. Rde1 b5 12. Qg5 Bxf3 13. Bxf3 Rfe8 14. Re3 h6 15. Qh5 Nf6 16. Qe5 Qd7 17. Qf4 Nf5 18. Rxe8+ Rxe8 19. h4 Nd6 20. g4 b4 21. Nd1 Nfe4 22. Bg2 Nb5 23. f3 Nxd4 24. Qe3 Ng3 25. Qd3 Nde2+ 26. Kb1 Nxh1 27. Bxh1 Nf4 28. Qd2 Qd6 29. Ne3 Qe5 0-1

[Event "Reykjavik Open 2022"]
[Site "Reykjavik"]
[Date "2022.04.10"]
[Round "6.39"]
[White "Popvasilev, Kaloyan"]
[Black "Sarkisian, Arman"]
[Result "1-0"]
[ECO "C07"]
[WhiteElo "2191"]
[BlackElo "1806"]
[Annotator "NA RC"]
[PlyCount "55"]
[EventDate "2022.04.06"]
[EventCountry "ISL"]
[SourceTitle "playchess.com"]
[Source "ChessBase"]
[SourceQuality "1"]
[TimeControl "40/5400+30:1800+30"]

1. e4 e6 2. d4 d5 3. Nd2 c5 4. Ngf3 cxd4 5. Nxd4 Nc6 6. N4b3 dxe4 7. Nxe4 Qxd1+ 8. Kxd1 Bd7 9. c3 O-O-O 10. Kc2 e5 11. Bd3 b6 12. f3 f6 13. Rd1 Kc7 14. Bc4 Nge7 15. a4 Nc8 16. a5 Nd6 17. axb6+ axb6 18. Bd5 Be7 19. Be3 h6 20. Nxd6 Bxd6 21. Ra6 Rb8 22. Bxc6 Bxc6 23. Rxb6 Rxb6 24. Bxb6+ Kxb6 25. Rxd6 Kc7 26. Rd1 e4 27. Nd4 exf3 28. gxf3 1-0

[Event "Reykjavik Open 2022"]
[Site "Reykjavik"]
[Date "2022.04.10"]
[Round "6.40"]
[White "Coursaget, Nicolas"]
[Black "Thorisson, Benedikt"]
[Result "1-0"]
[ECO "D00"]
[WhiteElo "2185"]
[BlackElo "1790"]
[Annotator "NA RC"]
[PlyCount "87"]
[EventDate "2022.04.06"]
[EventCountry "ISL"]
[SourceTitle "playchess.com"]
[Source "ChessBase"]
[SourceQuality "1"]
[TimeControl "40/5400+30:1800+30"]

1. d4 Nf6 2. Nf3 g6 3. Nc3 d5 4. Bf4 Bg7 5. e3 Bf5 6. Ne5 c6 7. Be2 Nbd7 8. g4 Be6 9. Bf3 Nxe5 10. Bxe5 O-O 11. h4 Qd7 12. Rg1 Ne8 13. Bxg7 Kxg7 14. Qe2 Nd6 15. O-O-O b5 16. e4 dxe4 17. Nxe4 Nxe4 18. Bxe4 Bd5 19. h5 Qe6 20. f3 Bxe4 21. Qxe4 Qxe4 22. fxe4 Rad8 23. Rg3 a5 24. Rc3 Rc8 25. a4 f5 26. gxf5 gxf5 27. h6+ Kf6 28. exf5 Kxf5 29. Rc5+ Kg6 30. axb5 cxb5 31. Rxb5 a4 32. Rb6+ Rf6 33. Rg1+ Kxh6 34. Rxf6+ exf6 35. d5 Rd8 36. c4 Rc8 37. Rg4 f5 38. Rd4 Kg5 39. d6 Kf6 40. d7 Rd8 41. c5 Ke7 42. c6 h5 43. Rd2 h4 44. c7 1-0

[Event "Reykjavik Open 2022"]
[Site "Reykjavik"]
[Date "2022.04.10"]
[Round "6.42"]
[White "Doluhanova, Evgeniya"]
[Black "Skarphedinsson, Ingvar Wu"]
[Result "1-0"]
[ECO "A03"]
[WhiteElo "2255"]
[BlackElo "1664"]
[Annotator "NA RC"]
[PlyCount "93"]
[EventDate "2022.04.06"]
[EventCountry "ISL"]
[SourceTitle "playchess.com"]
[Source "ChessBase"]
[SourceQuality "1"]
[TimeControl "40/5400+30:1800+30"]

1. Nf3 d5 2. b3 Nf6 3. Bb2 c5 4. e3 Nc6 5. Bb5 Bd7 6. O-O e6 7. Bxc6 Bxc6 8. Ne5 Qc7 9. f4 Bd6 10. d3 O-O-O 11. Nd2 Rdf8 12. Rc1 Rhg8 13. c4 Kb8 14. b4 b6 15. bxc5 bxc5 16. cxd5 exd5 17. Nxc6+ Qxc6 18. Nb3 Qe8 19. Qf3 Qe7 20. Bxf6 gxf6 21. Rfe1 Rd8 22. Qxd5 Bxf4 23. Qf3 Bd6 24. Na5 Kc8 25. Qa8+ Kd7 26. Qc6+ Ke6 27. Rxc5 Rc8 28. Qe4+ Kd7 29. Qa4+ Ke6 30. Qb3+ Kd7 31. Qb5+ Ke6 32. Rxc8 Rxc8 33. Nb3 Qc7 34. Rc1 Qxc1+ 35. Nxc1 Rxc1+ 36. Kf2 Rc5 37. Qe8+ Be7 38. a4 Rd5 39. Qc8+ Kd6 40. Qa6+ Kd7 41. Qb7+ Ke6 42. Qc6+ Rd6 43. Qc8+ Ke5 44. d4+ Kd5 45. g4 Re6 46. Qd7+ Bd6 47. Qb5+ 1-0

[Event "Reykjavik Open 2022"]
[Site "Reykjavik"]
[Date "2022.04.10"]
[Round "6.43"]
[White "Mannion, Stephen R"]
[Black "Schultze, Joerg-Martin"]
[Result "1-0"]
[ECO "B45"]
[WhiteElo "2281"]
[BlackElo "1932"]
[Annotator "NA RC"]
[PlyCount "94"]
[EventDate "2022.04.06"]
[EventCountry "ISL"]
[SourceTitle "playchess.com"]
[Source "ChessBase"]
[SourceQuality "1"]
[TimeControl "40/5400+30:1800+30"]

1. e4 c5 2. Nf3 e6 3. d4 cxd4 4. Nxd4 Nf6 5. Nc3 Nc6 6. Ndb5 Bc5 7. Nd6+ Ke7 8. Bf4 e5 9. Nf5+ Kf8 10. Bg5 Bb4 11. Qd3 d5 12. O-O-O Bxc3 13. Qxc3 Bxf5 14. exf5 Rc8 15. Kb1 Qd7 16. Bd3 h6 17. Bh4 Nd4 18. Qb4+ Kg8 19. g4 Rc6 20. c3 Rb6 21. Qc5 Nc6 22. Bxf6 gxf6 23. Bb5 d4 24. cxd4 exd4 25. Bxc6 Qxc6 26. Qxc6 Rxc6 27. Rxd4 h5 28. Rg1 Kh7 29. Rd7 Re8 30. Rxf7+ Kg8 31. Rxb7 hxg4 32. Rxa7 Re2 33. Ra4 Rxf2 34. Rgxg4+ Kf8 35. Raf4 Rxh2 36. a4 Rc5 37. Ka2 Rh5 38. Ka3 Rcxf5 39. Kb4 Ke7 40. Rxf5 Rxf5 41. Rd4 Rf2 42. b3 f5 43. a5 f4 44. a6 f3 45. Kb5 Rh2 46. Rf4 f2 47. a7 f1=Q+ 1-0

[Event "Reykjavik Open 2022"]
[Site "Reykjavik"]
[Date "2022.04.10"]
[Round "6.44"]
[White "Sowray, Peter J"]
[Black "Bohlin, Jan"]
[Result "1-0"]
[ECO "D36"]
[WhiteElo "2226"]
[BlackElo "1856"]
[Annotator "NA RC"]
[PlyCount "85"]
[EventDate "2022.04.06"]
[EventCountry "ISL"]
[SourceTitle "playchess.com"]
[Source "ChessBase"]
[SourceQuality "1"]
[TimeControl "40/5400+30:1800+30"]

1. d4 d5 2. c4 e6 3. Nc3 Nf6 4. cxd5 exd5 5. Bg5 c6 6. Qc2 h6 7. Bh4 Be7 8. e3 O-O 9. Bd3 Re8 10. Nge2 Nbd7 11. O-O a5 12. f3 b5 13. Rad1 Ba6 14. Bf2 Bf8 15. Ng3 b4 16. Bxa6 Rxa6 17. Na4 c5 18. Nxc5 Nxc5 19. dxc5 Qc7 20. Nf5 Rc6 21. Nd4 Rxc5 22. Qd3 g6 23. Rd2 Bg7 24. Rfd1 a4 25. Qa6 Ra5 26. Qc6 Qxc6 27. Nxc6 Rb5 28. Kf1 Rb6 29. Rc1 Rb7 30. Ke2 Nd7 31. b3 axb3 32. axb3 Nf6 33. Ra2 Rd7 34. Kd3 Rb7 35. Bg3 Bf8 36. Be5 Nd7 37. Bd4 Bd6 38. Ra5 Nb8 39. Nxb8 Bxb8 40. Rxd5 h5 41. h3 Bc7 42. Rd7 Reb8 43. Rcxc7 1-0

[Event "Reykjavik Open 2022"]
[Site "Reykjavik"]
[Date "2022.04.10"]
[Round "6.45"]
[White "Tirziman, Rudolf"]
[Black "Villiers, Thomas"]
[Result "1/2-1/2"]
[ECO "E08"]
[WhiteElo "1963"]
[BlackElo "2202"]
[Annotator "RC"]
[PlyCount "200"]
[EventDate "2022.04.06"]
[EventCountry "ISL"]
[SourceTitle "playchess.com"]
[Source "ChessBase"]
[SourceQuality "1"]
[TimeControl "40/5400+30:1800+30"]

1. d4 Nf6 2. c4 e6 3. Nf3 d5 4. g3 Nbd7 5. Bg2 Be7 6. O-O O-O 7. Qc2 c5 8. cxd5 exd5 9. dxc5 Nxc5 10. Rd1 Be6 11. Nc3 Rc8 12. Ng5 Qa5 13. Bxd5 Bg4 14. Rd4 g6 15. b4 Qb6 16. bxc5 Bxc5 17. Rc4 Bxf2+ 18. Kg2 Rxc4 19. Bxc4 Qc6+ 20. Kxf2 Qxc4 21. Qd3 Qc6 22. Qd4 Re8 23. Bb2 Bf5 24. Nd5 Ng4+ 25. Kg1 f6 26. Nxf6+ Nxf6 27. Qxf6 Qxf6 28. Bxf6 Rxe2 29. Rd1 Re8 30. Rd2 h6 31. Nf3 Kf7 32. Bd4 a6 33. Kf2 Rc8 34. Be3 h5 35. Bd4 Ke6 36. Bb2 Kf7 37. Re2 b5 38. Ng5+ Kg8 39. Kg2 Bg4 40. Rd2 a5 41. Bf6 b4 42. Rd8+ Rxd8 43. Bxd8 a4 44. Be7 b3 45. axb3 axb3 46. Bf6 Bd1 47. Kf2 Bc2 48. Ke3 Kf8 49. Kf4 Ke8 50. Bb2 Ke7 51. Nf3 Kf7 52. Kg5 Kg8 53. Kh6 Kf7 54. Ne5+ Kf6 55. Nxg6+ Kf5 56. h3 Bd1 57. Nh4+ Ke4 58. Kg5 Kd3 59. Ng2 Kc2 60. Be5 b2 61. Bxb2 Kxb2 62. Nf4 Kc3 63. Nxh5 Kd4 64. Nf6 Ke5 65. g4 Bc2 66. h4 Ke6 67. h5 Kf7 68. Nd5 Kg7 69. Ne3 Bd3 70. Nf5+ Kh7 71. Kf4 Be2 72. Ng3 Bd1 73. g5 Kg7 74. Kf5 Bc2+ 75. Ke6 Bb3+ 76. Ke5 Bd1 77. Nf5+ Kh8 78. h6 Kh7 79. Kf6 Bh5 80. Nd6 Bg6 81. Nf7 Bh5 82. Ne5 Be8 83. Ke7 Ba4 84. g6+ Kxh6 85. Kf8 Bc2 86. g7 Bh7 87. Kf7 Bc2 88. Kf8 Bh7 89. Kf7 Bc2 90. Nd7 Bb3+ 91. Kf8 Kg6 92. Ne5+ Kf6 93. Nc6 Ba2 94. Nb8 Bb3 95. Nd7+ Kg6 96. Nc5 Ba2 97. Nd3 Bb3 98. Nf2 Ba2 99. Ng4 Bb3 100. Nf2 Ba2 1/2-1/2

[Event "Reykjavik Open 2022"]
[Site "Reykjavik"]
[Date "2022.04.10"]
[Round "6.46"]
[White "Povah, Nigel E"]
[Black "Finnbogadottir, Tinna Kristin"]
[Result "1-0"]
[ECO "D02"]
[WhiteElo "2245"]
[BlackElo "1848"]
[Annotator "NA RC"]
[PlyCount "49"]
[EventDate "2022.04.06"]
[EventCountry "ISL"]
[SourceTitle "playchess.com"]
[Source "ChessBase"]
[SourceQuality "1"]
[TimeControl "40/5400+30:1800+30"]

1. d4 d5 2. Bf4 Nf6 3. e3 c5 4. c3 e6 5. Nd2 Bd6 6. Bg3 O-O 7. Bd3 Nc6 8. Ngf3 c4 9. Bc2 b5 10. Qe2 Re8 11. Ne5 Bb7 12. f4 Bf8 13. Bh4 Be7 14. Bxf6 Bxf6 15. Bxh7+ Kf8 16. Qh5 Bxe5 17. fxe5 Qc7 18. O-O Re7 19. Nf3 Nd8 20. Ng5 Ke8 21. Nxf7 Nxf7 22. Bg6 Rd8 23. Rxf7 Rxf7 24. Rf1 Qe7 25. Rxf7 1-0